 Dungeon Crawl Stone Soup version 0.30-a0-1124-g6e8f0f562f (webtiles) character file.

Game seed: 16167258113970281780

3649 CrazyBamboolord the Scholar of Death (level 9, -5/99 HPs)
             Began as a Demonspawn Necromancer on Apr 23, 2023.
             Was a Follower of Kikubaaqudgha.
             Slain by Pikel
             ... wielding a +2 whip of electrocution
              (19 damage)
             ... on level 8 of the Dungeon.
             The game lasted 00:23:13 (5864 turns).

CrazyBamboolord the Scholar of Death (DsNe)         Turns: 5864, Time: 00:23:13

Health: -5/99      AC: 24    Str:  9    XL:     9   Next: 88%
Magic:  21/21      EV:  2    Int: 21    God:    Kikubaaqudgha [*.....]
Gold:   72         SH:  0    Dex: 13    Spells: 10/25 levels left

rFire   . . .        j - +1 whip (venom)
rCold   + . .        (no shield)
rNeg    . . .        G - melded +1 robe {rF+}
rPois   +            k - melded +0 helmet
rElec   .            (cloak currently unavailable)
rCorr   .            e - melded +2 pair of gloves {Str+3}
SInv    .            i - melded +0 pair of boots
Will    .....        g - amulet of magic regeneration
Stlth   ++           F - ring of protection from cold
HPRegen 0.36/turn    (no ring)
MPRegen 0.57/turn

%: no passive effects
@: tree-form
A: stationary, stasis, torment immunity, boosted hp, demonic guardian 2, (spiny
2), (sharp scales 1), (weakness stinger 2)
a: Renounce Religion, Unearth Wretches


You were on level 8 of the Dungeon.
You worshipped Kikubaaqudgha.
Kikubaaqudgha was aware of your devotion.
You were a tree.
You visited 2 branches of the dungeon, and saw 9 of its levels.

You collected 381 gold pieces.
You spent 309 gold pieces at shops.

Inventory:

Hand Weapons
 j - a +1 whip of venom (weapon)
 I - a +0 hand axe
Missiles
 H - 2 throwing nets
Armour
 e - a +2 pair of gloves of strength (melded)
 i - a +0 pair of boots (melded)
 k - a +0 helmet (melded)
 G - a +1 robe of fire resistance (melded)
Jewellery
 g - an amulet of magic regeneration (around neck)
 s - an amulet of faith
 F - a ring of protection from cold (left branch)
Wands
 t - a wand of polymorph (5)
 E - a wand of quicksilver (8)
Scrolls
 c - a scroll of magic mapping
 m - 2 scrolls of noise
 n - 2 scrolls of teleportation
 o - 3 scrolls of enchant armour
 p - 2 scrolls of poison {unknown}
 r - a scroll of vulnerability {unknown}
 u - a scroll of summoning {unknown}
 w - a scroll of immolation
 x - a scroll of fear {unknown}
 y - 2 scrolls of torment {unknown}
 C - a scroll of acquirement {unknown}
Potions
 a - a potion of invisibility {unknown}
 b - a potion of magic
 d - 2 potions of degeneration
 f - 2 potions of lignification
 h - a potion of flight
 l - 2 potions of attraction
 q - 3 potions of curing {unknown}
 v - 4 potions of heal wounds
 z - a potion of mutation {unknown}
 A - a potion of cancellation {unknown}
 B - 2 potions of resistance {unknown}
 D - a potion of brilliance {unknown}


   Skills:
 * Level 4.4 Fighting
 * Level 4.3 Dodging
 + Level 2.0 Stealth
 * Level 8.6 Spellcasting
 * Level 0.8 Hexes
 * Level 10.5 Necromancy


You had 10 spell levels left.
You knew the following spells:

 Your Spells              Type           Power      Damage    Failure   Level
a - Necrotise             Necr           100%       1d9       1%          1
b - Vampiric Draining     Necr           52%        2d9       1%          3
c - Animate Dead          Necr           52%        N/A       1%          4
d - Agony                 Necr           52%        N/A       2%          5
e - Sublimation of Blood  Necr           52%        N/A       1%          2

Your spell library contained the following spells:

 Spells                   Type           Power      Damage    Failure   Level
 Kiss of Death            Conj/Necr      100%       2d13      1%          1
 Magic Dart               Conj           36%        1d4       8%          1
 Call Imp                 Summ           18%        N/A       12%         2
 Inner Flame              Hex/Fire       10%        N/A       19%         3
 Mephitic Cloud           Conj/Pois/Air  9%         N/A       22%         3
 Petrify                  Tmut/Erth      9%         N/A       58%         4
 Yara's Violent Unravell  Hex/Tmut       5%         3d4       86%         5
 Irradiate                Conj/Tmut      4%         3d13      91%         5
 Enfeeble                 Hex            6%         N/A       100%        7


Dungeon Overview and Level Annotations

Branches:
Dungeon (8/15)             Temple (1/1) D:4
   Lair: D:8-11

Altars:
Ashenzari
Cheibriados
Dithmenos
Fedhas
Gozag
Hepliaklqana
Kikubaaqudgha
Makhleb
Okawaru
Qazlal
Ru
Sif Muna
Trog
Uskayaw
Vehumet
Wu Jian
Yredelemnul

Shops:
D:6 (   D:7 ?*

Annotations:
D:8 Pikel


Innate Abilities, Weirdness & Mutations

You are a tree.
Your roots penetrate the ground, keeping you stationary.
You cannot be teleported.
You are immune to unholy pain and torment.
Your maximum health is greatly increased.
Your equipment is partially melded.
A demonic guardian rushes to your aid.
((You are mostly covered in sharp spines.))
((You are partially covered in razor-sharp scales. (AC +1, Slay +1)))
((You have a tail ending in a sharp stinger.))


Message History

The lemure completely misses you. The lemure hits you.
* * * LOW HITPOINT WARNING * * *
Pikel hits your orc zombie with a +2 whip of electrocution.
Your orc zombie barely misses Pikel.
The vampire hits your orc zombie!
Your orc zombie is destroyed!
Your unseen horror zombie hits the vampire.
Your orange demon stings Pikel from afar!
You hit the vampire but do no damage.
You punch the vampire, but do no damage.
The vampire is almost destroyed.
Your unseen horror zombie closely misses the vampire.
Your unseen horror zombie hits the vampire.
The vampire gestures at your unseen horror zombie while chanting.
Your unseen horror zombie appears confused.
The lemure hits you but does no damage. x2
Pikel hits your orc zombie with a +2 whip of electrocution!
Lightning courses through your orc zombie!
Your orc zombie is destroyed!
Your unseen horror zombie hits the vampire but does no damage.
Your orange demon barely misses Pikel.
You barely miss the vampire.
The vampire is almost destroyed.
Your unseen horror zombie hits the vampire but does no damage.
Your unseen horror zombie hits the vampire.
The vampire is destroyed!
Kikubaaqudgha accepts your kill. The lemure hits you but does no damage.
Pikel hits your orc zombie with a +2 whip of electrocution.
The lemure hits you but does no damage.
Your unseen horror zombie hits your orc zombie.
Your unseen horror zombie hits itself.
Your orange demon closely misses Pikel.
You barely miss Pikel.
Pikel is almost dead.
Your unseen horror zombie hits you but does no damage.
Your unseen horror zombie hits itself.
Your orc zombie barely misses Pikel. x2
The lemure hits you but does no damage.
Pikel scowls and wipes his hands on his robe.
Pikel hits you but does no damage.
You are electrocuted!!
You die...
Kikubaaqudgha rasps: "You have failed me!
Welcome... death!"

#......#####
#......#
#......#
+......#
#.....<#
#......#
#......########
+.......Z......
#....4Z♣Z......
#.....5K5......
#......(.......
#..............
+..............
#..............
###....########
+....


You could see Pikel (ally target), 2 lemures, a friendly orange demon
(summoned), 2 friendly orc zombies and a friendly unseen horror zombie
(confused).

Vanquished Creatures
  An unseen horror (D:8)
  Sigmund (D:4)
  2 yaks (D:6)
  Edmund (D:4)
  Menkaure (D:6)
  A water moccasin (D:7)
  2 sky beasts
  A black bear (D:7)
  3 ogres
  A centaur (D:6)
  A phantom (D:4)
  A kobold brigand (D:7)
  A gnoll sergeant (D:7)
  A bullfrog (D:7)
  4 scorpions
  An orc priest (D:7)
  2 gnoll boudas
  5 hounds
  A jelly (D:5)
  A sleepcap (D:7)
  Jessica (D:3)
  2 iguanas
  An orc wizard (D:4)
  6 adders
  14 gnolls
  2 ufetubi
  2 worms
  3 dart slugs
  15 orcs
  9 ball pythons
  A bat (D:2)
  8 endoplasms
  5 goblins
  2 hobgoblins
  2 jackals (D:2)
  A quokka (D:3)
  2 frilled lizards (D:3)
  12 kobolds
  7 rats
127 creatures vanquished.

Vanquished Creatures (collateral kills)
  2 yaks (D:6)
  A vampire (D:8)
  An orc warrior (D:6)
  2 lemures (D:8)
  A kobold brigand (D:6)
  A bullfrog (D:4)
  2 hounds
  An orc wizard (D:6)
  3 gnolls (D:7)
  An adder (D:2)
  A dart slug (D:1)
  An orc (D:6)
  An endoplasm (D:4)
  A goblin (D:3)
  2 kobolds
21 creatures vanquished.

Vanquished Creatures (others)
  2 orc zombies (D:8)
  7 plants (D:3)
  A withered plant (D:3)
10 creatures vanquished.

Grand Total: 158 creatures vanquished

Notes
Turn   | Place    | Note
-------+----------+-------------------------------------------
     0 | D:1      | CrazyBamboolord the Demonspawn Necromancer began the quest
                  | for the Orb.
     0 | D:1      | Reached XP level 1. HP: 13/13 MP: 3/3
   191 | D:1      | Gained mutation: You are partially covered in sharp spines.
                  | [demonic ancestry]
   191 | D:1      | Reached XP level 2. HP: 16/19 MP: 0/5
   881 | D:2      | Gained mutation: You have a small tail. [demonic ancestry]
   881 | D:2      | Reached XP level 3. HP: 22/25 MP: 0/6
   940 | D:2      | Reached skill level 5 in Necromancy
   961 | D:2      | Gained mutation: You have a tail ending in a sharp stinger.
                  | [demonic ancestry]
   961 | D:2      | Reached XP level 4. HP: 16/31 MP: 0/8
  1229 | D:2      | You fall into a shaft and drop 1 floor!
  1237 | D:3      | Learned a level 3 spell: Vampiric Draining
  1242 | D:3      | Learned a level 4 spell: Animate Dead
  1251 | D:3      | Noticed Jessica
  1255 | D:3      | Killed Jessica
  1510 | D:3      | Gained mutation: A weak demonic guardian rushes to your
                  | aid. [demonic ancestry]
  1510 | D:3      | Reached XP level 5. HP: 30/36 MP: 1/10
  1514 | D:3      | Reached skill level 1 in Fighting
  1832 | D:3      | Found a faded altar of an unknown god.
  2413 | D:4      | Noticed Edmund
  2428 | D:4      | Reached skill level 6 in Necromancy
  2428 | D:4      | Gained mutation: You are mostly covered in sharp spines.
                  | [demonic ancestry]
  2428 | D:4      | Reached XP level 6. HP: 13/43 MP: 0/12
  2428 | D:4      | HP: 2/43 [Edmund/+0 dire flail of protection (11)]
  2432 | D:4      | Killed Edmund
  2583 | D:4      | Noticed Sigmund
  2593 | D:4      | Killed Sigmund
  2594 | D:4      | Gained mutation: A demonic guardian rushes to your aid.
                  | [demonic ancestry]
  2594 | D:4      | Reached XP level 7. HP: 49/49 MP: 8/14
  2655 | D:4      | Learned a level 5 spell: Agony
  2772 | D:4      | Reached skill level 5 in Spellcasting
  2772 | D:4      | Reached skill level 7 in Necromancy
  2941 | D:4      | Found a staircase to the Ecumenical Temple.
  3010 | Temple   | Entered the Ecumenical Temple
  3062 | Temple   | Became a worshipper of Kikubaaqudgha
  3440 | D:5      | Entered Level 5 of the Dungeon
  3702 | D:5      | Gained mutation: You are partially covered in razor-sharp
                  | scales. (AC +1, Slay +1) [demonic ancestry]
  3702 | D:5      | Reached XP level 8. HP: 51/57 MP: 13/17
  4255 | D:6      | Reached skill level 8 in Necromancy
  4373 | D:6      | Noticed Menkaure
  4384 | D:6      | Killed Menkaure
  4458 | D:6      | Reached skill level 9 in Necromancy
  4458 | D:6      | Reached XP level 9. HP: 50/64 MP: 1/20
  4525 | D:6      | Reached * piety under Kikubaaqudgha
  4525 | D:6      | Received a gift from Kikubaaqudgha
  4545 | D:6      | Learned a level 2 spell: Sublimation of Blood
  4628 | D:6      | Found Ykoduk's Antique Weapon Emporium.
  5036 | D:7      | Found Mautrir's Fire Supplies.
  5061 | D:7      | Bought a +1 robe of fire resistance for 152 gold pieces
  5299 | D:7      | Found Xoahexin's Magic Scroll Shoppe.
  5311 | D:7      | Reached skill level 10 in Necromancy
  5314 | D:7      | Bought a scroll of enchant armour for 112 gold pieces
  5314 | D:7      | Bought a scroll of teleportation for 45 gold pieces
  5586 | D:7      | Found a blossoming altar of Fedhas.
  5597 | D:7      | Found a broken altar of Ashenzari.
  5779 | D:8      | Killed an unseen horror
  5849 | D:8      | Noticed Pikel
  5864 | D:8      | Slain by Pikel

Illustrated notes

Levels and vault maps discovered:
D:1:      minmay_arrival_wavy_path, layout_rooms, chequers_serial_rivers_room_a
D:2:      layout_basic, grunt_decor_resistance, nicolae_figureground_pulse
D:3:      kennysheep_six_static_rooms, layout_basic,
          ebering_ecumenical_altar_petrified, nicolae_grassy_gnolls,
          uniq_jessica
D:4:      layout_loops_ring, minmay_temple_entry_hall, uniq_edmund, uniq_sigmund
D:5:      layout_loops_ring
D:6:      layout_rooms, serial_shops, nicolae_shop_real_fake_doors,
          uniq_menkaure
D:7:      layout_basic, amethyst_overflow_temple_binary, serial_shops, shop,
          nicolae_shop_fire_sale [nicolae_sub_dead_trees]
D:8:      layout_gridville, grunt_lair_entry_orc_guard_hut, grunt_ministairs_10,
          uniq_pikel
Temple:   compressed_dpeg_triangle_lava_temple

Skill      XL: |  1  2  3  4  5  6  7  8  9 |
---------------+----------------------------+-----
Dodging        | 2 3 4 |  4.3
Necromancy     | 5 6 7 9 10 | 10.5
Spellcasting   | 3 4 6 7 8 |  8.6
Fighting       | 1 2 3 4 |  4.4
Stealth        | 2 |  2.0
Hexes          | |  0.8

Action                     |  1- 3 |  4- 6 |  7- 9 || total
---------------------------+-------+-------+-------++-------
  Melee: Unarmed           |    22 |       |       ||    22
         Whip              |     3 |    12 |    27 ||    42
         Tailslap          |     2 |     3 |     4 ||     9
         Punch             |       |       |     2 ||     2
   Cast: Necrotise         |    40 |    59 |   162 ||   261
         Vampiric Draining |       |     3 |    17 ||    20
         Agony             |       |       |     3 ||     3
         Animate Dead      |       |       |     3 ||     3
    Use: Scroll            |       |     7 |     3 ||    10
         Potion            |       |     1 |     2 ||     3
   Stab: Distracted        |     1 |       |       ||     1
 Armour: Robe              |     2 |     8 |    44 ||    54
         Skin              |       |       |     8 ||     8
  Dodge: Dodged            |    13 |    11 |    80 ||   104

Table legend: (Time is in decaauts)
 A = Elapsed time spent in this place.
 B = Non-inter-level travel time spent in this place.
 C = Inter-level travel time spent in this place.
 D = Time resting spent in this place.
 E = Time spent auto-exploring this place.
 F = Levels seen in this place.
 G = Mean time per level.
                   A        B        C        D        E       F      G
               +--------+--------+--------+--------+--------+-----+--------+
         Total |   5866 |   5678 |    188 |    296 |   4487 |   9 |  651.8 |
       Dungeon |   5800 |   5631 |    169 |    296 |   4467 |   8 |  725.0 |
        Temple |     65 |     46 |     19 |      0 |     20 |   1 |   65.0 |
               +--------+--------+--------+--------+--------+-----+--------+

Top non-repeatable levels by time:
     D:3: 1302 daAuts
     D:7: 1007 daAuts
     D:4: 845 daAuts
     D:5: 779 daAuts
     D:1: 717 daAuts
     D:6: 545 daAuts
     D:2: 511 daAuts
     D:8: 92 daAuts
  Temple: 65 daAuts
